 Dungeon Crawl Stone Soup version 0.28.0-45-g0d030f2227 (webtiles) character file.

Game seed: 16598736540316812527

296 101zpm the Shield-Bearer (level 6, -2/38 HPs)
             Began as a Gargoyle Fighter on Apr 4, 2022.
             Slain by a black bear (5 damage)
             ... on level 5 of the Dungeon.
             The game lasted 00:05:06 (2810 turns).

101zpm the Shield-Bearer (Gargoyle Fighter)         Turns: 2810, Time: 00:05:07

Health: -2/38      AC: 12    Str: 22    XL:     6   Next: 34%
Magic:  6/6        EV:  6    Int: 13    God:
Gold:   105        SH: 12    Dex:  9    Spells: 5/5 levels left

rFire   . . .      SeeInvis .   q - +4 dagger "Morg" {pain, Will+ Int+5}
rCold   . . .      Faith    .   o - +0 tower shield
rNeg    + . .      Spirit   .   b - +0 scale mail
rPois   ∞          Reflect  .   (no helmet)
rElec   +          Harm     .   (no cloak)
rCorr   .          Rampage  .   (no gloves)
Will    +....                   g - +0 pair of boots
Stlth   ..........              n - amulet of regeneration
HPRegen 0.92/turn               (no ring)
MPRegen 0.10/turn               (no ring)

@: no status effects
A: sickness immunity, AC +4, negative energy resistance 1, electricity
resistance, torment resistance 1, petrification resistance
a: no special abilities


You were on level 5 of the Dungeon.
You visited 1 branch of the dungeon, and saw 5 of its levels.

You collected 105 gold pieces.

Inventory:

Hand Weapons
 a - a +0 flail
 q - the +4 dagger "Morg" (weapon) {pain, Will+ Int+5}
   (You found it on level 2 of the Dungeon)

   In the hands of one skilled in necromantic magic, it inflicts extra damage on
   living creatures.
   Int:       It affects your intelligence (+5).
   Will:      It increases your willpower.
Missiles
 u - 6 poisoned darts (quivered)
Armour
 b - a +0 scale mail (worn)
 c - a +0 buckler
 g - a +0 pair of boots (worn)
 o - a +0 tower shield (worn)
Jewellery
 n - an amulet of regeneration (around neck)
Wands
 r - a wand of polymorph (4)
 t - a wand of charming (10)
Scrolls
 h - 5 scrolls of identify {unknown}
 j - a scroll of immolation {unknown}
 k - 3 scrolls of magic mapping {unknown}
 l - 2 scrolls of teleportation {unknown}
 v - 2 scrolls of fog {unknown}
 w - a scroll of blinking {unknown}
Potions
 d - a potion of might
 e - 2 potions of heal wounds {unknown}
 f - 2 potions of flight {unknown}
 i - a potion of curing {unknown}
 m - a potion of attraction {unknown}
 p - 2 potions of invisibility {unknown}
 s - a potion of magic {unknown}


   Skills:
 + Level 4.0 Fighting
 + Level 1.1 Short Blades
 * Level 3.8 Maces & Flails
 + Level 4.3 Armour
 + Level 0.4 Dodging
 * Level 5.0 Shields


You had 5 spell levels left.
You didn't know any spells.
Your spell library contained the following spells:

 Spells                   Type           Power      Damage    Failure   Level
 Animate Skeleton         Necr           0%         N/A       100%        1
 Apportation              Tloc           0%         N/A       100%        1
 Summon Small Mammal      Summ           0%         N/A       100%        1
 Dazzling Flash           Conj/Hex       0%         N/A       100%        3
 Gell's Gravitas          Tloc           0%         N/A       100%        3
 Lesser Beckoning         Tloc           0%         N/A       100%        3
 Swiftness                Air            0%         N/A       100%        3
 Teleport Other           Tloc           0%         N/A       100%        3
 Agony                    Necr           0%         N/A       100%        5
 Silence                  Hex/Air        0%         N/A       100%        5
 Maxwell's Capacitive Co  Air            0%         ∞         100%        8
 Fire Storm               Conj/Fire      0%         5d1       100%        9


Dungeon Overview and Level Annotations

Branches:
Dungeon (5/15)
 Temple: D:4-7

Altars:
Dithmenos
Okawaru
Sif Muna


Innate Abilities, Weirdness & Mutations

You are immune to sickness and miasma.
Your stone body is resilient. (AC +4)
You are immune to poison.
You resist negative energy. (rN+)
You are resistant to electric shocks. (rElec)
You are resistant to unholy torment.
You are immune to petrification.


Message History

There is a stone staircase leading down here.
The black bear bites you!
The black bear claws you but does no damage.
The black bear claws you.
* * * LOW HITPOINT WARNING * * *
The black bear bites you but does no damage.
The black bear barely misses you. The black bear claws you.
* * * LOW HITPOINT WARNING * * *
You climb downwards.
The adder hisses angrily.
Found a ring mail.
Found a stone staircase leading up.
There is a stone staircase leading up here.
You block the adder's attack.
The black bear bites you but does no damage.
The black bear claws you.
* * * LOW HITPOINT WARNING * * *
You block the black bear's attack. You block the adder's attack. x2
You closely miss the adder.
The black bear bites you but does no damage.
You block the black bear's attack. x2; The adder bites you but does no damage.
The black bear bites you but does no damage.
The black bear barely misses you. The black bear closely misses you.
You barely miss the adder.
The black bear bites you but does no damage.
You block the black bear's attack.
The black bear claws you but does no damage.
The adder bites you.
* * * LOW HITPOINT WARNING * * *
The black bear bites you but does no damage.
You block the black bear's attack. The black bear claws you.
* * * LOW HITPOINT WARNING * * *
The adder bites you but does no damage.
You hit the adder.
The adder is moderately wounded.
The black bear bites you.
* * * LOW HITPOINT WARNING * * *
You block the black bear's attack. The black bear closely misses you.
The adder bites you but does no damage. The black bear bites you.
You die...

.#### ### #
..... .[# ..
####..###.#
#.##
......S@#.#
....
####..#h#.#..#
#. #..<..<# #
########


You could see a black bear (berserk) and an adder.

Vanquished Creatures
  A water moccasin skeleton (D:2)
  A hound (D:4)
  A bullfrog skeleton (D:4)
  An iguana (D:4)
  Terence (D:3)
  A killer bee zombie (D:3)
  2 hound skeletons (D:4)
  An adder (D:4)
  A howler monkey skeleton (D:4)
  An adder skeleton (D:4)
  A worm (D:3)
  6 dart slugs
  An orc (D:4)
  2 bats (D:2)
  6 endoplasms
  3 giant cockroaches
  6 goblins
  4 hobgoblins
  3 kobolds
  2 quokkas
  5 ball pythons
  7 frilled lizards
  2 rats (D:1)
59 creatures vanquished.

Notes
Turn   | Place    | Note
-------+----------+-------------------------------------------
     0 | D:1      | 101zpm the Gargoyle Fighter began the quest for the Orb.
     0 | D:1      | Reached XP level 1. HP: 14/14 MP: 1/1
   290 | D:1      | Reached XP level 2. HP: 19/19 MP: 2/2
   739 | D:1      | Found a faded altar of an unknown god.
   911 | D:1      | Got the Almanac of the Floating Arsonist
  1073 | D:2      | Reached XP level 3. HP: 23/23 MP: 3/3
  1213 | D:2      | Found a shimmering blue altar of Sif Muna.
  1248 | D:2      | Reached XP level 4. HP: 15/29 MP: 4/4
  1428 | D:2      | Reached skill level 4 in Shields
  1584 | D:2      | Found the +4 dagger "Morg" {pain, Will+ Int+5}
  1847 | D:3      | Found a shadowy altar of Dithmenos.
  1918 | D:3      | Found an iron altar of Okawaru.
  2069 | D:3      | Noticed Terence
  2093 | D:3      | Killed Terence
  2094 | D:3      | Reached XP level 5. HP: 26/33 MP: 5/5
  2635 | D:4      | Reached XP level 6. HP: 36/38 MP: 6/6
  2680 | D:4      | Reached skill level 1 in Short Blades
  2706 | D:4      | Reached skill level 5 in Shields
  2785 | D:4      | Noticed a black bear
  2804 | D:5      | Entered Level 5 of the Dungeon
  2810 | D:5      | Slain by a black bear

Illustrated notes

Levels and vault maps discovered:
D:1:      dpeg_arrival_simpleton_a, layout_basic,
          dreamdust_ecumenical_altar_angels_and_demons
D:2:      layout_basic, basic_altar
D:3:      layout_loops_ring, mainiacjoe_overflow_catch_the_wave,
          kennysheep_minor_cross, uniq_terence
D:4:      layout_loops_ring, minmay_snake_closets
D:5:      layout_basic

Skill      XL: |  1  2  3  4  5  6 |
---------------+-------------------+-----
Maces & Flails | 3 |  3.8
Shields        | 4 5 |  5.0
Armour         | 4 |  4.3
Fighting       | 4 |  4.0
Short Blades   | 1 |  1.1
Dodging        | |  0.4

Action                   |  1- 3 |  4- 6 || total
-------------------------+-------+-------++-------
Melee: Flail             |    81 |    14 ||    95
       Dagger            |       |   153 ||   153
Evoke: Wand              |       |     1 ||     1
Armor: Scale mail        |    43 |   106 ||   149
Dodge: Dodged            |    26 |    43 ||    69
Block: Buckler           |    19 |       ||    19
       Tower shield      |     9 |   152 ||   161
